 Dungeon Crawl Stone Soup version 0.26.1-11-gd32895ea62 (webtiles) character file.

Game seed: 12797582745731332818

100 H0rd4k the Insei (level 4, -2/28 HPs)
             Began as an Octopode Transmuter on May 26, 2021.
             Slain by a gnoll
             ... wielding a cursed +0 spear
              (9 damage)
             ... on level 2 of the Dungeon.
             The game lasted 00:02:23 (1863 turns).

H0rd4k the Insei (Octopode Transmuter)              Turns: 1863, Time: 00:02:24

Health: -2/28      AC:  1    Str:  9    XL:     4   Next: 74%
Magic:  7/7        EV: 14    Int: 16    God:
Gold:   82         SH:  0    Dex: 12    Spells: 3/7 levels left

rFire    . . .     SeeInvis .     - Unarmed
rCold    . . .     Faith    .   (no shield)
rNeg     . . .     Spirit   .   (helmet restricted)
rPois    .         Reflect  .   (no amulet)
rElec    .         Harm     .   (no ring)
rCorr    .         Rampage  .   (no ring)
Will     .....                  (no ring)
Stlth    ++........             (no ring)
HPRegen  0.09/turn              (no ring)
MPRegen  0.10/turn              (no ring)
                                (no ring)
                                (no ring)

@: no status effects
A: almost no armour, stealthy swim, amphibious, 8 rings, constrict 8, camouflage
1, gelatinous body 1
a: no special abilities


You were on level 2 of the Dungeon.
You visited 1 branch of the dungeon, and saw 2 of its levels.

You collected 82 gold pieces.

Inventory:

Jewellery
 f - an uncursed ring of stealth {unknown}
Scrolls
 a - a scroll of identify {unknown}
 e - a scroll of teleportation {unknown}
 g - a scroll of remove curse {unknown}
Potions
 c - a potion of attraction {unknown}
 d - a potion of resistance {unknown}
 h - a potion of curing {unknown}


   Skills:
 + Level 1.0 Fighting
 + Level 2.7 Dodging
 + Level 4.3 Unarmed Combat
 * Level 2.4 Spellcasting
 * Level 2.5 Transmutations
 * Level 0.3 Poison Magic


You had 3 spell levels left.
You knew the following spells:

 Your Spells              Type           Power        Failure   Level
a - Beastly Appendage     Tmut           20%          7%          1
b - Spider Form           Tmut/Pois      3%           32%         3

Your spell library contained the following spells:

 Spells                   Type           Power        Failure   Level
 Wereblood                Tmut           10%          11%         2
 Ice Form                 Ice/Tmut       6%           75%         4
 Blade Hands              Tmut           5%           89%         5


Dungeon Overview and Level Annotations

Branches:
Dungeon (2/15)

Altars:


Innate Abilities, Weirdness & Mutations

You cannot wear most types of armour.
You are very stealthy in the water. (Stealth+)
You are amphibious.
You can wear up to eight rings at the same time.
You can use your tentacles to constrict eight enemies at once.
Your skin changes colour to match your surroundings (Stealth+).
Your rubbery body absorbs attacks. (AC +1, EV +1)


Message History

The gnoll is almost dead.
You constrict the gnoll, but do no damage.
The gnoll hits you with a +0 whip.
You completely miss the gnoll.
The gnoll is almost dead.
You constrict the gnoll, but do no damage.
The gnoll closely misses you.
You tentacle-slap the gnoll.
You kill the gnoll!
The gnoll hits you.
* * * LOW HITPOINT WARNING * * *
You tentacle-slap the gnoll but do no damage.
Your grab misses the gnoll. The gnoll closely misses you. The gnoll misses you.
You aren't carrying any items that you can evoke.
Unknown command.
As you read the scroll labelled KEIGUEMAUST, it crumbles to dust.
The creatures around you are filled with an inner flame!
It was a scroll of immolation.
The gnoll hits you from afar with a cursed +0 spear!
You die...

#...#### ##...........g....
##.....## ##..#.....###.g....
##.##..###..##..g..# #.#..!.
#.###......####[### #.#....
#.#######.g.# #†## #.#.###
#.....###.#.###gg# #...#.
#####.##..#..g.#.#####...
######.##g#####....#....##
#.........g@g............#
...######..#######.##.###.###
#...## #....###...# #.#.#
###.....##.# #..#.#
###.#.#.##<. ... #.###
##...#....##. #.## #....##
#..####....#. #. ####..###.##
##.#... . ###.....# #..#..


You could see 3 gnolls.

Vanquished Creatures
  2 gnolls (D:2)
  2 adders (D:2)
  An ooze (D:1)
  5 dart slugs (D:1)
  3 leopard geckos (D:1)
  A ball python (D:1)
  4 bats (D:1)
  4 giant cockroaches
  4 goblins
  8 hobgoblins
  5 kobolds (D:1)
  2 frilled lizards
  2 rats (D:1)
43 creatures vanquished.

Vanquished Creatures (others)
  4 toadstools (D:1)
4 creatures vanquished.

Grand Total: 47 creatures vanquished

Notes
Turn   | Place    | Note
-------+----------+-------------------------------------------
     0 | D:1      | H0rd4k the Octopode Transmuter began the quest for the Orb.
     0 | D:1      | Reached XP level 1. HP: 13/13 MP: 3/3
   188 | D:1      | Reached XP level 2. HP: 15/18 MP: 5/5
   433 | D:1      | Reached XP level 3. HP: 10/23 MP: 6/6
   444 | D:1      | Learned a level 3 spell: Spider Form
  1151 | D:1      | Reached skill level 4 in Unarmed Combat
  1482 | D:2      | Reached XP level 4. HP: 28/28 MP: 7/7
  1863 | D:2      | Slain by a gnoll

Illustrated notes

Levels and vault maps discovered:
D:1:      ldierk_walled_garden_2, layout_rooms
D:2:      layout_rooms, uniq_terence

Skill      XL: |  1  2  3 |
---------------+----------+-----
Unarmed Combat | 4 |  4.3
Fighting       | |  1.0
Dodging        | |  2.7
Spellcasting   | |  2.4
Transmutations | |  2.5
Poison Magic   | |  0.3

Action                   |  1- 3 |  4- 6 || total
-------------------------+-------+-------++-------
Melee: Unarmed           |    90 |    25 ||   115
       Tentacles         |    17 |     3 ||    20
       Constrict         |    24 |     6 ||    30
       Punch             |     7 |     1 ||     8
 Cast: Beastly Appendage |     2 |       ||     2
  Use: Scroll            |       |     1 ||     1
 Stab: Sleeping          |     2 |       ||     2
Armor: Skin              |     8 |     1 ||     9
Dodge: Dodged            |    72 |    15 ||    87
